 Dungeon Crawl Stone Soup version 0.27.1-2-g3b301248ec (webtiles) character file.

Game seed: 18369461730857098246

200001 cummra the Earth Mage (level 18, -16/110 HPs)
             Began as a Gargoyle Earth Elementalist on Sept 29, 2021.
             Was a High Priest of Vehumet.
             Demolished by a naga warrior (32 damage)
             ... on level 4 of the Snake Pit on Sept 30, 2021.
             The game lasted 02:49:51 (49416 turns).

cummra the Earth Mage (GrEE)                       Turns: 49416, Time: 02:49:52

Health: -16/110    AC: 27    Str: 11    XL:     18   Next: 49%
Magic:  43/43      EV: 12    Int: 29    God:    Vehumet [*****.]
Gold:   2561       SH:  0    Dex: 11    Spells: 17/41 levels left

rFire    . . .     SeeInvis .   o - +2 dire flail (flame)
rCold    . . .     Faith    .   (shield currently unavailable)
rNeg     + + .     Spirit   .   b - +1 robe
rPois    ∞         Reflect  .   J - +1 hat
rElec    +         Harm     .   y - +2 ratskin cloak {*Rats rPois rN+ Str-1 Int-1 Dex+1}
rCorr    .         Rampage  .   k - +0 pair of gloves {Stlth+}
Will     +....                  I - +2 pair of boots
Stlth    +++.......             p - amulet of the acrobat
HPRegen  0.28/turn              h - +6 ring of intelligence
MPRegen  0.28/turn              a - ring of magical power

@: about to teleport, flying, constricted, studying Translocations
A: sickness immunity, AC +13, big wings, negative energy resistance 1,
electricity resistance, torment resistance 1, petrification resistance
}: 1/15 runes: decaying
a: Renounce Religion


You were on level 4 of the Snake Pit.
You worshipped Vehumet.
Vehumet was extremely pleased with you.
You visited 6 branches of the dungeon, and saw 30 of its levels.
You visited the Abyss 1 time.
You also visited: Ice Cave and Volcano.

You collected 3762 gold pieces.
You spent 1201 gold pieces at shops.

Inventory:

Hand Weapons
 j - a +0 great mace of flaming
 o - a +2 dire flail of flaming (weapon)
Missiles
 c - 435 stones
Armour
 b - a +1 robe (worn)
 k - a +0 pair of gloves of stealth (worn)
 y - the +2 ratskin cloak (worn) {*Rats rPois rN+ Str-1 Int-1 Dex+1}
   (You found it on level 8 of the Dungeon)

   When the wearer is hurt, rats may emerge from it to assist them.
   Str:       It affects your strength (-1).
   Int:       It affects your intelligence (-1).
   Dex:       It affects your dexterity (+1).
   rPois:     It protects you from poison.
   rN:        It protects you from negative energy.
 I - a +2 pair of boots (worn)
 J - a +1 hat (worn)
Jewellery
 a - a ring of magical power (right hand)
 e - a ring of see invisible
 h - a +6 ring of intelligence (left hand)
 m - a ring of protection from cold
 p - an amulet of the acrobat (around neck)
 u - a ring of protection from cold
 x - a +6 ring of intelligence
 L - a +6 ring of dexterity
Wands
 l - a wand of iceblast (28)
 v - a wand of digging (2)
 D - a wand of polymorph (5)
 F - a wand of paralysis (32)
 K - a wand of charming (14)
Scrolls
 d - 9 scrolls of amnesia
 i - 5 scrolls of teleportation
 n - 2 scrolls of fog
 q - 16 scrolls of identify
 C - 2 scrolls of brand weapon
 E - 2 scrolls of silence
 H - 3 scrolls of holy word
 M - 2 scrolls of enchant armour
 N - a scroll of enchant weapon {unknown}
 O - a scroll of noise
 P - a scroll of acquirement {unknown}
Potions
 f - 2 potions of ambrosia
 g - a potion of invisibility
 r - 2 potions of resistance
 s - 5 potions of haste
 t - 4 potions of curing
 w - 6 potions of might
 z - 5 potions of brilliance
 A - 3 potions of cancellation
 G - a potion of berserk rage
 Q - a potion of magic {unknown}


   Skills:
 + Level 11.4 Fighting
 + Level 11.8 Maces & Flails
 + Level 11.6 Armour
 + Level 9.1 Dodging
 - Level 2.1 Stealth
 + Level 12.0 Spellcasting
 + Level 13.3 Conjurations
 - Level 0.7 Transmutations
 + Level 8.7 Fire Magic
 + Level 15.0 Earth Magic
 + Level 9.5 Evocations


You had 17 spell levels left.
You knew the following spells:

 Your Spells              Type           Power      Damage    Failure   Level
a - Sandblast             Erth           100%       2d20      0%          1
b - Stone Arrow           Conj/Erth      100%       3d13      1%          3
c - Sticky Flame          Conj/Fire      69%        2d8       1%          4
d - Bolt of Magma         Conj/Fire/Erth 36%        4d16      1%          5
e - Lee's Rapid Deconstr  Erth           40%        3d21*     1%          5
f - Iron Shot             Conj/Erth      39%        9d8       1%          6

Your spell library contained the following spells:

 Spells                   Type           Power      Damage    Failure   Level
 Ozocubu's Refrigeration  Ice            8%         4d6       99%         7
 Freeze                   Ice            68%        1d8       1%          1
 Shock                    Conj/Air       100%       1d9       1%          1
 Passwall                 Tmut/Erth      48%        N/A       1%          2
 Ignite Poison            Fire/Tmut/Pois 35%        N/A       1%          3
 Mephitic Cloud           Conj/Pois/Air  43%        N/A       1%          3
 Hailstorm                Conj/Ice       54%        3d12      1%          4
 Petrify                  Tmut/Erth      58%        N/A       1%          4
 Frozen Ramparts          Ice            34%        1d5       2%          3
 Animate Skeleton         Necr           34%        N/A       3%          1
 Apportation              Tloc           34%        N/A       3%          1
 Corona                   Hex            18%        N/A       3%          1
 Pain                     Necr           68%        1d7       3%          1
 Summon Small Mammal      Summ           68%        N/A       3%          1
 Orb of Destruction       Conj           38%        9d13      3%          7
 Slow                     Hex            17%        N/A       4%          2
 Freezing Cloud           Conj/Ice/Air   21%        6-21      4%          5
 Confusing Touch          Hex            17%        N/A       9%          3
 Summon Guardian Golem    Hex/Summ       17%        N/A       9%          3
 Swiftness                Air            17%        N/A       9%          3
 Tukima's Dance           Hex            17%        N/A       9%          3
 Vampiric Draining        Necr           8%         2d7       9%          3
 Airstrike                Air            8%         N/A       9%          4
 Yara's Violent Unravell  Hex/Tmut       9%         3d6       19%         5
 Ice Form                 Ice/Tmut       19%        N/A       26%         4
 Passage of Golubria      Tloc           N/A        N/A       30%         4
 Spellforged Servitor     Conj/Summ      27%        N/A       38%         7
 Alistair's Intoxication  Tmut/Pois      12%        N/A       58%         5
 Summon Forest            Summ/Tloc      8%         N/A       63%         5
 Eringya's Noxious Bog    Tmut/Pois      9%         N/A       67%         6
 Invisibility             Hex            8%         N/A       99%         6
 Simulacrum               Ice/Necr       8%         N/A       99%         6
 Summon Hydra             Summ           8%         N/A       100%        7
 Polar Vortex             Ice            8%         N/A       100%        9


Dungeon Overview and Level Annotations

Branches:
Dungeon (13/15)            Temple (1/1) D:6            Lair (6/6) D:11
  Swamp (4/4) Lair:3        Snake (4/4) Lair:3        Slime (0/5) Lair:5
    Orc (2/2) D:11            Elf (0/3) Orc:2        Vaults (0/5) D:13
  IceCv (visited)         Volcano (visited)

Altars:
Ashenzari
Elyvilon
Fedhas
Kikubaaqudgha
Makhleb
Okawaru
Ru
Trog
Uskayaw
Vehumet
Wu Jian
The Shining One
Beogh

Shops:
D:3 =   Orc:2 =:[!

Portals:
Hell: Lair:6

Annotations:
D:7 1 exclusion
D:10 3 runed translucent doors
Lair:1 exclusion: oklob plant
Lair:6 exclusion: oklob plant
Snake:2 1 runed translucent door, nroviw's ghost, journeyman TrFi


Innate Abilities, Weirdness & Mutations

You are immune to sickness and miasma.
Your stone body is resilient. (AC +13)
You are immune to poison.
Your large and strong wings let you fly.
You resist negative energy. (rN+)
You are resistant to electric shocks. (rElec)
You are resistant to unholy torment.
You are immune to petrification.


Message History

You resist.
There is a stone staircase leading up here.
You escape the anaconda's grasp.
The black mamba bites you. The anaconda grabs you.
You stop ascending the stairs.
The anaconda misses you. The anaconda constricts you.
The naga warrior roars a battlecry!
The nagas go into a battle-frenzy!
The naga hits you with a +3 long sword.
The naga warrior hits you but does no damage.
The black mamba bites you but does no damage.
The naga spits poison at you.
The splash of poison hits you but does no damage.
You resist. The naga misses you.
As you read the scroll of teleportation, it crumbles to dust.
You feel strangely unstable.
The anaconda bites you but does no damage.
The anaconda constricts you.
A hell rat scurries out from under your cloak.
The naga warrior hits you with a +0 hand axe!
The black mamba bites you!
The anaconda bites you but does no damage.
The anaconda constricts you. The naga barely misses you.
The naga warrior hits you with a +0 war axe.
The naga misses you. The naga hits you with a +0 dire flail!
You feel better. The black mamba bites you!
The anaconda bites you but does no damage.
The anaconda constricts you.
The guardian serpent coils itself and waves its upper body at you.
The bolt of poison hits you but does no damage.
You resist.
The bolt of poison hits the naga.
The naga warrior hits you with a +0 hand axe!
The naga hits you with a +3 long sword!
* * * LOW HITPOINT WARNING * * *
The black mamba bites you.
* * * LOW HITPOINT WARNING * * *
The anaconda bites you but does no damage.
The anaconda constricts you.
* * * LOW HITPOINT WARNING * * *
The naga warrior hits you with a +0 war axe!!
You die...

###N<.### ##.NS....##
##..N.8....#
#..N#####†..# #..)##
#...## #..)#######
#..)#
#...###r..###...####
§§....S.SSN.........
#8.....8..@N.8.....8
..S.......NNN........
§###...###...###...#
...# #######...#
#.).# ##...##
#...#####N..##
#..N.8N...##
#NN...S.## ###.<.###


You could see 2 naga warriors, an anaconda (ally target), a guardian serpent, a
black mamba, 3 nagas and a friendly hell rat.

Vanquished Creatures
  A tentacled monstrosity (Swamp:1)
  A lich (IceCv)
  Frances (Swamp:1)
  5 nagarajas
  A fenstrider witch (Swamp:2)
  3 orc warlords
  A very ugly thing (IceCv)
  Nessos (D:12)
  3 eleionomae
  5 bunyips
  An ettin (Orc:2)
  2 shambling mangroves (Swamp:4)
  12 naga warriors
  Erolcha (D:12)
  2 caustic shrike simulacra (IceCv)
  A salamander tyrant (Snake:2)
  A vault guard (D:13)
  4 ogre magi
  A ghost crab (Swamp:3)
  28 hydras
  An ice dragon (Swamp:3)
  3 centaur warriors (D:13)
  2 boulder beetles
  A catoblepas (Lair:5)
  3 alligators
  7 two-headed ogres
  6 anacondas
  The ghost of worthlessgem the Fighter, a novice DjFE of Makhleb (D:8)
  2 death yaks
  A spriggan berserker (Swamp:4)
  6 shock serpents
  4 naga sharpshooters
  A fire crab (Lair:5)
  2 skeletal warriors (Volcano)
  A sixfirhy (Lair:6)
  5 salamander mystics (Snake:2)
  3 goliath frogs
  A spriggan druid (Swamp:3)
  5 sea snakes (Snake:2)
  10 bog bodies
  11 swamp dragons
  A necromancer (IceCv)
  3 naga ritualists (Snake:2)
  A wizard (Lair:6)
  2 orc knights (Orc:2)
  2 anaconda skeletons (Volcano)
  A lindwurm (Orc:1)
  4 mana vipers (Snake:2)
  3 ugly things
  4 salamanders (Snake:2)
  3 manticores
  8 orc sorcerers (Orc:2)
  3 will-o-the-wisps
  9 cyclopes
  9 naga magi
  An elephant (Lair:6)
  A rust devil (Abyss:1)
  A smoke demon (Lair:6)
  23 black mambas
  6 guardian serpents
  7 gargoyles
  A torpor snail (Lair:2)
  2 orange demons (Lair:6)
  12 komodo dragons
  An unseen horror (D:12)
  12 cane toads
  2 ice devils (Lair:6)
  17 freezing wraiths (IceCv)
  5 yaktaurs (D:11)
  5 rime drakes
  An anaconda simulacrum (IceCv)
  2 golden dragon simulacra (IceCv)
  A red devil (Lair:6)
  A tengu conjurer (D:13)
  5 trolls
  3 meliai (D:13)
  6 bloated husks
  A harpy skeleton (Volcano)
  2 polar bears (Lair:6)
  11 tyrant leeches
  3 hornets
  20 blink frogs
  4 slime creatures
  2 flying skulls (Volcano)
  Sigmund (D:5)
  A spriggan simulacrum (IceCv)
  6 wyverns
  2 shadows
  37 yaks
  3 dire elephant simulacra (IceCv)
  3 spriggans
  4 alligator skeletons (Volcano)
  2 wraiths
  A golden eye (shapeshifter) (D:13)
  4 basilisks
  3 minotaur simulacra (IceCv)
  10 vampire mosquitoes
  Menkaure (D:5)
  Edmund (D:5)
  4 harpy simulacra (IceCv)
  33 nagas
  5 wargs
  An acid dragon (D:12)
  12 swamp worms
  12 water moccasins
  5 hell hounds (Lair:6)
  32 orc warriors
  5 swamp drakes
  2 necrophages
  An ettin simulacrum (IceCv)
  A sky beast (D:5)
  2 alligator simulacra (IceCv)
  3 black bears
  An ice beast (D:8)
  10 ogres
  3 centaurs
  13 wolves
  A phantom (D:6)
  12 bullfrogs
  A gnoll sergeant (D:10)
  5 scorpions
  2 deep troll simulacra (IceCv)
  A water moccasin skeleton (D:5)
  10 killer bees (D:9)
  5 lindwurm simulacra (IceCv)
  5 electric eels
  2 troll skeletons (Volcano)
  15 wights
  2 spriggan skeletons (Volcano)
  A lava snake (D:7)
  4 quasits (D:8)
  12 orc priests
  A bullfrog zombie (D:7)
  A gnoll shaman (D:9)
  6 jellies
  A hound (D:5)
  3 centaur zombies
  2 iguanas
  35 orc wizards
  8 hell rats (D:8)
  A scorpion zombie (D:5)
  Natasha (D:4)
  2 hound skeletons
  2 howler monkey zombies
  3 gnolls (D:10)
  7 adders
  19 river rats (D:8)
  A shadow imp (D:8)
  2 white imps (D:6)
  2 ufetubi
  2 worms
  4 dart slugs
  57 orcs
  9 bats
  7 endoplasms
  5 giant cockroaches
  2 goblins (D:3)
  10 hobgoblins
  A jackal (D:3)
  10 kobolds
  3 quokkas
  7 ball pythons
  2 frilled lizards (D:1)
  10 rats
  A lurking horror (Abyss:1)
891 creatures vanquished.

Vanquished Creatures (collateral kills)
  A hydra (Swamp:4)
  An orc (Orc:1)
2 creatures vanquished.

Vanquished Creatures (others)
  A flying skull (Volcano)
  12 foxfires
  35 fungi
  59 plants
  10 starspawn tentacles (Abyss:1)
  2 withered plants (Snake:2)
119 creatures vanquished.

Grand Total: 1012 creatures vanquished

Notes
Turn   | Place    | Note
-------+----------+-------------------------------------------
     0 | D:1      | cummra the Gargoyle Earth Elementalist began the quest for
                  | the Orb.
     0 | D:1      | Reached XP level 1. HP: 10/10 MP: 3/3
   336 | D:1      | Reached skill level 4 in Earth Magic
   336 | D:1      | Reached XP level 2. HP: 15/15 MP: 1/5
  1317 | D:2      | Reached XP level 3. HP: 19/19 MP: 6/6
  1711 | D:2      | Found a faded altar of an unknown god.
  1809 | D:2      | Learned a level 3 spell: Stone Arrow
  2303 | D:3      | Noticed an ogre
  2310 | D:3      | Killed an ogre
  2311 | D:3      | Reached skill level 1 in Conjurations
  2311 | D:3      | Reached skill level 5 in Earth Magic
  2311 | D:3      | Reached XP level 4. HP: 24/24 MP: 9/9
  2311 | D:3      | Reached XP level 5. HP: 28/28 MP: 10/10
  2368 | D:3      | Found Nuil's Jewellery Emporium.
  2733 | D:3      | Noticed an ogre
  2740 | D:3      | Killed an ogre
  3051 | D:3      | Reached XP level 6. HP: 32/32 MP: 11/11
  3614 | D:3      | Reached skill level 6 in Earth Magic
  3943 | D:4      | Reached XP level 7. HP: 32/36 MP: 13/13
  4646 | D:4      | Noticed Natasha
  4647 | D:4      | Killed Natasha
  4648 | D:4      | Reached skill level 1 in Maces & Flails
  4949 | D:5      | Entered Level 5 of the Dungeon
  5040 | D:5      | Noticed Menkaure
  5208 | D:5      | Reached skill level 5 in Spellcasting
  5208 | D:5      | Reached skill level 7 in Earth Magic
  5208 | D:5      | Reached XP level 8. HP: 41/41 MP: 15/15
  5326 | D:5      | Noticed Edmund
  5342 | D:5      | Killed Edmund
  5343 | D:5      | Reached skill level 5 in Conjurations
  5354 | D:5      | Noticed Sigmund
  5375 | D:5      | Killed Sigmund
  5622 | D:5      | Killed Menkaure
  5623 | D:5      | Reached skill level 8 in Earth Magic
  5948 | D:6      | Reached XP level 9. HP: 45/45 MP: 17/17
  6008 | D:6      | Found a staircase to the Ecumenical Temple.
  6058 | Temple   | Entered the Ecumenical Temple
  6074 | Temple   | Became a worshipper of Vehumet
  6201 | D:6      | Found a burning altar of Makhleb.
  7173 | D:7      | Found an iron altar of Okawaru.
  7525 | D:7      | Found a hide-covered altar of Uskayaw.
  7675 | D:7      | Reached skill level 5 in Maces & Flails
  7675 | D:7      | Reached skill level 9 in Earth Magic
  7993 | D:7      | Found a bloodstained altar of Trog.
  7997 | D:7      | Reached * piety under Vehumet
  7997 | D:7      | Offered knowledge of Magic Dart by Vehumet.
  8467 | D:8      | Reached XP level 10. HP: 42/51 MP: 20/20
  8581 | D:8      | Reached skill level 1 in Fighting
  8585 | D:8      | Reached skill level 1 in Armour
  8636 | D:8      | Noticed worthlessgem's ghost (novice DjFE)
  8652 | D:8      | Found a transporter.
  8907 | D:8      | Found a transporter.
 10150 | D:8      | Found the +2 ratskin cloak {*Rats rPois rN+ Str-1 Int-1
                  | Dex+1}
 10451 | D:9      | Offered knowledge of Poisonous Vapours by Vehumet.
 10701 | D:9      | Reached ** piety under Vehumet
 10874 | D:9      | Noticed a cyclops
 10878 | D:9      | Killed a cyclops
 10879 | D:9      | Reached skill level 10 in Earth Magic
 11575 | D:10     | Entered Level 10 of the Dungeon
 11694 | D:10     | Found a glowing golden altar of the Shining One.
 11696 | D:10     | Noticed a two-headed ogre
 11929 | D:10     | Found a broken altar of Ashenzari.
 11955 | D:10     | Reached skill level 1 in Evocations
 12037 | D:10     | Reached XP level 11. HP: 60/60 MP: 22/22
 12075 | D:10     | Offered knowledge of Dazzling Flash by Vehumet.
 12202 | D:10     | Killed a two-headed ogre
 12473 | D:10     | Found a runed translucent gate.
 12474 | D:10     | Found a runed translucent gate.
 12474 | D:10     | Found a runed translucent gate.
 12474 | D:10     | Noticed a red ugly thing
 12474 | D:10     | Noticed a purple ugly thing
 12474 | D:10     | Noticed a purple very ugly thing
 12476 | D:10     | Noticed a white ugly thing
 12565 | D:11     | Noticed a cyclops
 12568 | D:11     | Killed a cyclops
 12787 | D:11     | Found a staircase to the Lair.
 12812 | Lair:1   | Entered Level 1 of the Lair of Beasts
 13103 | Lair:1   | Reached *** piety under Vehumet
 13319 | Lair:1   | Noticed an oklob plant
 13416 | Lair:1   | Noticed a five-headed hydra
 13428 | Lair:1   | Killed a five-headed hydra
 14913 | Lair:2   | Reached skill level 5 in Armour
 15059 | Lair:2   | Reached XP level 12. HP: 59/68 MP: 24/24
 15132 | Lair:2   | Reached skill level 5 in Fighting
 15493 | Lair:2   | Offered knowledge of Olgreb's Toxic Radiance by Vehumet.
 15794 | Lair:3   | Reached skill level 11 in Earth Magic
 15940 | Lair:3   | Found a staircase to the Snake Pit.
 16151 | Lair:3   | Found a staircase to the Swamp.
 16406 | Lair:3   | Noticed a five-headed hydra
 16413 | Lair:3   | Killed a five-headed hydra
 16472 | Lair:3   | Noticed a four-headed hydra
 16477 | Lair:3   | Killed a four-headed hydra
 16895 | Lair:4   | Reached **** piety under Vehumet
 16981 | Lair:4   | Noticed a six-headed hydra
 16986 | Lair:4   | Killed a six-headed hydra
 17117 | Lair:4   | Reached skill level 5 in Dodging
 17582 | Lair:4   | Noticed a seven-headed hydra
 17588 | Lair:4   | Killed a seven-headed hydra
 17588 | Lair:4   | Offered knowledge of Bolt of Magma by Vehumet.
 17686 | Lair:4   | Noticed a five-headed hydra
 17691 | Lair:4   | Killed a five-headed hydra
 17692 | Lair:4   | Reached XP level 13. HP: 74/74 MP: 18/26
 17915 | Lair:5   | Reached skill level 10 in Conjurations
 18071 | Lair:5   | Found a staircase to the Slime Pits.
 18688 | Lair:5   | Reached skill level 5 in Evocations
 19142 | Lair:6   | Entered Level 6 of the Lair of Beasts
 19519 | Lair:6   | Reached skill level 12 in Earth Magic
 19872 | Lair:6   | Reached ***** piety under Vehumet
 19872 | Lair:6   | Offered knowledge of Fulminant Prism by Vehumet.
 21249 | Lair:6   | Gained mutation: Your large and strong wings let you fly.
                  | [Gargoyle growth]
 21249 | Lair:6   | Reached XP level 14. HP: 68/82 MP: 18/27
 22084 | Lair:6   | Found a burning altar of Makhleb.
 22347 | Lair:6   | Found a gateway to Hell.
 23059 | D:11     | Reached skill level 10 in Spellcasting
 23175 | D:11     | Found a staircase to the Orcish Mines.
 23527 | D:12     | Noticed Nessos
 23535 | D:12     | Killed Nessos
 23847 | D:12     | Noticed Erolcha
 23849 | D:12     | Cast into level 1 of the Abyss (Erolcha)
 23878 | Abyss:1  | Noticed a lich
 23882 | Abyss:1  | Noticed a starcursed mass
 23942 | Abyss:1  | Noticed a tentacled starspawn
 24127 | D:12     | Escaped the Abyss
 24424 | D:12     | Offered knowledge of Sticky Flame by Vehumet.
 25286 | D:13     | Found a blossoming altar of Fedhas.
 26131 | D:12     | Killed Erolcha
 26132 | D:12     | Reached skill level 13 in Earth Magic
 26499 | D:13     | Found a gate to the Vaults.
 26660 | D:13     | Reached XP level 15. HP: 89/89 MP: 16/29
 27043 | Orc:1    | Entered Level 1 of the Orcish Mines
 27053 | Orc:1    | Noticed an orc warlord
 27061 | Orc:2    | Entered Level 2 of the Orcish Mines
 27061 | Orc:2    | Found a staircase to the Elven Halls.
 27103 | Orc:1    | Found a dark tunnel.
 27146 | Volcano  | Entered a volcano
 27322 | Volcano  | Reached skill level 10 in Maces & Flails
 28546 | Orc:2    | Learned a level 4 spell: Sticky Flame
 28820 | Orc:2    | Paralysed by an orc sorcerer for 4 turns
 29006 | Orc:2    | Found Rivok's Book Shop.
 29015 | Orc:2    | Found Yckot's Jewellery Boutique.
 29034 | Orc:2    | Bought a Trismegistus Codex for 364 gold pieces
 29040 | Orc:2    | Learned a level 5 spell: Bolt of Magma
 29063 | Orc:2    | Reached skill level 1 in Fire Magic
 29145 | Orc:2    | Found a radiant altar of Vehumet.
 29191 | Orc:2    | Found Ypih's Antique Armour Shop.
 29219 | Orc:2    | Paralysed by an orc sorcerer for 4 turns
 29327 | Orc:2    | Found an ancient bone altar of Kikubaaqudgha.
 29342 | Orc:2    | Bought an embroidered scarf for 200 gold pieces
 29483 | Orc:2    | Found Midauffi's Distillery.
 29491 | Orc:2    | Bought a potion of haste for 150 gold pieces
 29491 | Orc:2    | Bought a potion of brilliance for 60 gold pieces
 29491 | Orc:2    | Bought a potion of curing for 45 gold pieces
 29491 | Orc:2    | Bought a potion of haste for 150 gold pieces
 29491 | Orc:2    | Bought a potion of curing for 45 gold pieces
 29785 | Orc:2    | Noticed an orc warlord
 29935 | Orc:2    | Killed an orc warlord
 30089 | Orc:2    | Noticed an orc warlord
 30116 | Orc:2    | Killed an orc warlord
 30116 | Orc:2    | Identified the +4 short sword of cummra's Terror {holy,
                  | rPois Str+4 Int+3 Dex-4}
 30235 | Orc:2    | Offered knowledge of Irradiate by Vehumet.
 30870 | Orc:2    | Bought an embroidered cloak for 187 gold pieces
 31669 | Orc:1    | Killed an orc warlord
 31840 | Orc:1    | You are sucked into a shaft and drop 1 floor!
 32066 | Swamp:1  | Entered Level 1 of the Swamp
 32275 | Swamp:1  | Noticed Frances
 32282 | Swamp:1  | Killed Frances
 32420 | Swamp:1  | Reached XP level 16. HP: 96/96 MP: 28/30
 32564 | Swamp:1  | Noticed a tentacled monstrosity
 32574 | Swamp:1  | Killed a tentacled monstrosity
 33020 | Swamp:1  | Reached skill level 10 in Armour
 33945 | Swamp:2  | Identified the ring "Soogho" {rF- rN+ Will- EV+4 Int+6}
 33975 | Swamp:2  | Reached skill level 10 in Fighting
 34500 | Swamp:3  | Found a frozen archway.
 34514 | IceCv    | Entered an ice cave
 34521 | IceCv    | Reached skill level 5 in Fire Magic
 35480 | IceCv    | Found an ancient bone altar of Kikubaaqudgha.
 35740 | IceCv    | Reached skill level 14 in Earth Magic
 36147 | IceCv    | Noticed a lich
 36154 | IceCv    | Reached ****** piety under Vehumet
 36156 | IceCv    | Killed a lich
 36156 | IceCv    | Offered knowledge of Iskenderun's Battlesphere by Vehumet.
 37102 | Swamp:3  | Noticed a fenstrider witch
 37583 | Swamp:4  | Entered Level 4 of the Swamp
 37955 | Swamp:4  | Reached XP level 17. HP: 78/103 MP: 2/32
 40219 | Swamp:4  | Got a decaying rune of Zot
 40439 | Snake:1  | Entered Level 1 of the Snake Pit
 42001 | Snake:2  | HP: 2/104 [salamander (15)]
 42798 | Snake:2  | Offered knowledge of Lee's Rapid Deconstruction by Vehumet.
 43786 | Snake:2  | Found a runed translucent door.
 43786 | Snake:2  | Noticed nroviw's ghost (journeyman TrFi)
 44153 | Snake:2  | Learned a level 5 spell: Lee's Rapid Deconstruction
 44440 | D:8      | Killed worthlessgem's ghost
 44550 | D:8      | Got the Almanac of the Dozen Yaks
 44568 | D:8      | Learned a level 6 spell: Iron Shot
 45370 | Snake:2  | Reached XP level 18. HP: 110/110 MP: 33/33
 48335 | Snake:3  | Offered knowledge of Ozocubu's Refrigeration by Vehumet.
 48851 | Snake:4  | Entered Level 4 of the Snake Pit
 49110 | Snake:4  | Reached skill level 15 in Earth Magic
 49416 | Snake:4  | Demolished by a naga warrior

Illustrated notes

Levels and vault maps discovered:
D:1:      moated_graveyard_arrival, layout_basic, hangedman_decor_push,
          minmay_vboxes
D:2:      layout_basic, shapermc_ecumenical_altar_hornbeckon
D:3:      minmay_chambers_of_threes, layout_basic, serial_shops, shop,
          minmay_joined_circles
D:4:      layout_gridville, minmay_manual_moon, uniq_natasha
D:5:      layout_rooms, uniq_sigmund, uniq_edmund, uniq_menkaure
D:6:      layout_loops_ring, makhleb_blood_cavern_becter,
          minmay_temple_entry_hall
D:7:      nicolae_whirlpool, layout_gridville,
          mainiacjoe_overflow_catch_the_wave, lemuel_round_altar,
          serial_park_tiny_1
D:8:      wander_guarded_unrand_ratskin, layout_basic,
          gammafunk_ghost_stat_death
D:9:      layout_loops_cross, wad_rectangle_vault
D:10:     layout_roguey, general_overflow_altar, old_standard_altar,
          ploomutoo_gammafunk_ghost_potion_laboratory
D:11:     layout_roguey, david_lair_shrubbed, minmay_orc_entry_temple_small,
          gauntlet_entry_generic
D:12:     layout_long_grid, uniq_nessos, uniq_erolcha
D:13:     layout_cave_pods, david_vaults_5, serial_bayou_pond_b,
          chequers_serial_rivers_micro_e, fedhas_altar_2
Temple:   regret_index_temple_sphere_string
Lair:1:   layout_long_grid, minmay_lair_oklob_bushes, hibernation_bobbens,
          grunt_megastairs_4, lemuel_fruit_tree
Lair:2:   layout_regular_city, fungi_pond_lemuel, grunt_megastairs_3
Lair:3:   layout_misc_corridors, skrybe_swamp_entry_bodies,
          minmay_snake_entry_guardpost_large
Lair:4:   layout_roguey, hangedman_lair_generics_rect, grunt_megastairs_1,
          lemuel_fruit_fields
Lair:5:   layout_small_grid, nicolae_slime_entry_slimehenge,
          infiniplex_staircase_pool
Lair:6:   evil_forest, layout_layer_cave, minmay_lair_oklob_items
Swamp:1:  layout_basic_swamp, evilmike_swamp_ruin_house_6, uniq_frances
Swamp:2:  layout_basic_swamp, nicolae_swamp_tree_isthmus, swamp_pool1
Swamp:3:  layout_basic_swamp, portal_ice_cave_entry_dragon,
          evilmike_swamp_ruin_rubble_1, nicolae_swamp_super_fun_site
Swamp:4:  swamp_basic_johnstein, layout_basic_swamp
Snake:1:  layout_onion_interference
Snake:2:  layout_chambers, gammafunk_ghost_grave, nicolae_snake_scaly_snakehead,
          serial_bayou_shore_a
Snake:3:  layout_chambers
Snake:4:  grunt_snake_rune_pools, layout_layer_cave, grunt_megastairs_5,
          uniq_roxanne
Orc:1:    layout_caves, nicolae_volcano_entry_vermiform
Orc:2:    kennysheep_orc_mage_school, layout_caves, statue_in_the_mist_lemuel,
          minmay_orc_treasury

Skill      XL: |  1  2  3  4  5  6  7  8  9 10 11 12 13 14 15 16 17 18 |
---------------+-------------------------------------------------------+-----
Earth Magic    | 4 5 6 7 8 9 10 11 12 13 14 15 | 15.0
Spellcasting   | 3 4 5 7 8 9 10 11 12 | 12.0
Conjurations   | 1 2 3 4 6 7 8 9 10 11 12 13 | 13.3
Maces & Flails | 2 3 5 6 7 8 9 10 11 | 11.8
Fighting       | 3 4 6 7 8 9 10 11 | 11.4
Armour         | 3 5 6 7 9 10 11 | 11.6
Dodging        | 3 4 5 6 7 8 9 |  9.1
Evocations     | 1 3 4 5 6 7 8 9 |  9.5
Fire Magic     | 3 6 8 |  8.7
Stealth        | |  2.1
Transmutations | |  0.7

Action                   |  1- 3 |  4- 6 |  7- 9 | 10-12 | 13-15 | 16-18 || total
-------------------------+-------+-------+-------+-------+-------+-------++-------
Melee: Dagger            |   109 |    76 |       |       |       |       ||   185
       Mace              |       |    67 |    19 |       |       |       ||    86
       Flail             |       |       |    17 |    25 |    17 |       ||    59
       Dire flail        |       |       |       |       |     5 |    17 ||    22
 Cast: Sandblast         |    24 |    41 |    23 |    63 |   176 |    97 ||   424
       Stone Arrow       |       |       |    83 |   290 |   602 |   442 ||  1417
       Bolt of Magma     |       |       |       |       |    63 |   175 ||   238
       Iron Shot         |       |       |       |       |       |   104 ||   104
       Lee's Rapid Decon |       |       |       |       |       |     5 ||     5
Evoke: Wand              |       |       |       |       |    22 |    11 ||    33
  Use: Scroll            |     5 |     3 |     6 |    11 |    15 |     9 ||    49
       Potion            |       |       |       |       |    11 |     1 ||    12
 Stab: Sleeping          |     2 |       |       |     3 |       |       ||     5
Armor: Robe              |    60 |    87 |    33 |    50 |   212 |   220 ||   662
Dodge: Dodged            |    79 |   127 |    34 |    98 |   372 |   294 ||  1004
